 Dungeon Crawl Stone Soup version 0.26.1-11-gd32895ea62 (webtiles) character file.

Game seed: 17848363058938853892

163 Zeld the Sneak (level 5, 0/34 HPs)
             Began as an Octopode Brigand on May 14, 2021.
             Was an Initiate of Fedhas.
             Slain by an ogre
             ... wielding a cursed -3 giant club
              (10 damage)
             ... on level 4 of the Dungeon.
             The game lasted 00:03:50 (5196 turns).

Zeld the Sneak (Octopode Brigand)                   Turns: 5196, Time: 00:03:51

Health: 0/34       AC:  1    Str: 11    XL:     5   Next: 44%
Magic:  8/8        EV: 13    Int: 13    God:    Fedhas [......]
Gold:   149        SH:  0    Dex: 14    Spells: 8/8 levels left

rFire    . . .     SeeInvis .   a - +2 dagger
rCold    . . .     Faith    .   (no shield)
rNeg     . . .     Spirit   .   (helmet restricted)
rPois    +         Reflect  .   (no amulet)
rElec    .         Harm     .   m - ring of poison resistance
rCorr    .         Rampage  .   (no ring)
Will     .....                  (no ring)
Stlth    ++++......             (no ring)
HPRegen  0.11/turn              (no ring)
MPRegen  0.11/turn              (no ring)
                                (no ring)
                                (no ring)

@: no status effects
A: almost no armour, stealthy swim, amphibious, 8 rings, constrict 8, camouflage
1, gelatinous body 1
a: Renounce Religion


You were on level 4 of the Dungeon.
You worshipped Fedhas.
Fedhas was noncommittal.
You visited 2 branches of the dungeon, and saw 5 of its levels.

You collected 149 gold pieces.

Inventory:

Hand Weapons
 a - a +2 dagger (weapon)
Missiles
 b - 7 poisoned darts (quivered)
 c - 2 curare-tipped darts
Jewellery
 m - a ring of poison resistance (left tentacle)
Scrolls
 d - a scroll of amnesia {unknown}
 f - a scroll of teleportation {unknown}
 i - a scroll of identify {unknown}
 l - a scroll of immolation {unknown}
 n - 2 scrolls of remove curse {unknown}
Potions
 e - 2 potions of degeneration {unknown}
 g - 4 potions of curing {unknown}
 h - a potion of invisibility {unknown}
 j - a potion of mutation {unknown}
 k - a potion of heal wounds
 o - a potion of flight {unknown}


   Skills:
 - Level 2.0 Fighting
 * Level 4.6 Short Blades
 - Level 2.0 Throwing
 - Level 1.0 Dodging
 - Level 5.3 Stealth
 + Level 2.3 Spellcasting


You had 8 spell levels left.
You didn't know any spells.
Your spell library contained the following spells:

 Spells                   Type           Power        Failure   Level
 Animate Skeleton         Necr           2%           24%         1
 Apportation              Tloc           2%           24%         1
 Corona                   Hex            1%           24%         1
 Summon Small Mammal      Summ           4%           24%         1


Dungeon Overview and Level Annotations

Branches:
Dungeon (4/15)             Temple (1/1) D:4

Altars:
Ashenzari
Cheibriados
Dithmenos
Elyvilon
Fedhas
Gozag
Hepliaklqana
Kikubaaqudgha
Nemelex Xobeh
Okawaru
Ru
Sif Muna
Trog
Vehumet
Wu Jian
Zin

Annotations:
D:3 exclusion: 3 killer bees


Innate Abilities, Weirdness & Mutations

You cannot wear most types of armour.
You are very stealthy in the water. (Stealth+)
You are amphibious.
You can wear up to eight rings at the same time.
You can use your tentacles to constrict eight enemies at once.
Your skin changes colour to match your surroundings (Stealth+).
Your rubbery body absorbs attacks. (AC +1, EV +1)


Message History

Fedhas protects your plant from harm.
The poisoned dart hits the ogre.
The ogre is poisoned.
The ogre is severely wounded.
There is a staircase to the Ecumenical Temple here.
The ogre looks more healthy.
You walk carefully through the plants.
Throw: 8 darts (poison)
Press: ? - help, Q - select action, (/) - cycle Shift-Dir - straight line, p - ogre
Okay, then.
You see here a poisoned dart.
Throw: 8 darts (poison)
Press: ? - help, Q - select action, (/) - cycle Shift-Dir - straight line, f/p - ogre
Aim: an ogre, wielding a -3 giant club (almost dead, 75% to hit)
You throw a poisoned dart.
The poisoned dart completely misses the ogre.
Unknown command.
You walk carefully through the plants.
The ogre hits you with a cursed -3 giant club!
You die...
Fedhas appreciates your contribution to the ecosystem.

..(# #.# #.# #(.... #..# #.# #.#
#†###.
###..########.#####.#######.###.
##..............(.†..(#..........
.............##.#.P†P.#.####.####
##.#########.##.###.###.####.#
#.# #....P#...#P......#
##.#########.##.O..>....######
.............##.@#...#P##
##..###########..##.###### #..#
#(...P(.....# #..# #.###(.####.#
#..# #. #.## #.# #..# ##.###.###
#.# #... ..........# #.# ##.#
#.#.#####.# #.# #.# #.# #.#


You could see an ogre.

Vanquished Creatures
  4 gnolls
  4 adders
  3 oozes
  3 worms
  2 dart slugs
  A leopard gecko (D:2)
  4 orcs
  A bat (D:3)
  3 giant cockroaches
  9 hobgoblins
  7 jackals
  A quokka (D:2)
  A frilled lizard (D:3)
  6 goblins
  4 kobolds (D:1)
  5 rats
58 creatures vanquished.

Vanquished Creatures (others)
  A plant (D:4)
1 creature vanquished.

Grand Total: 59 creatures vanquished

Notes
Turn   | Place    | Note
-------+----------+-------------------------------------------
     0 | D:1      | Zeld the Octopode Brigand began the quest for the Orb.
     0 | D:1      | Reached XP level 1. HP: 14/14 MP: 1/1
   226 | D:1      | Reached XP level 2. HP: 19/19 MP: 2/2
   486 | D:1      | Reached skill level 1 in Spellcasting
   640 | D:1      | Reached XP level 3. HP: 24/24 MP: 4/4
  1840 | D:2      | Reached XP level 4. HP: 29/29 MP: 6/6
  3666 | D:2      | Reached XP level 5. HP: 15/34 MP: 8/8
  4240 | D:3      | Found a shadowy altar of Dithmenos.
  4829 | D:4      | Found a staircase to the Ecumenical Temple.
  4842 | Temple   | Entered the Ecumenical Temple
  4941 | Temple   | Became a worshipper of Fedhas Madash
  5094 | D:4      | Noticed an ogre
  5196 | D:4      | Slain by an ogre

Illustrated notes

Levels and vault maps discovered:
D:1:      lemuel_arrival_rhombus, layout_loops_corners, minmay_misc_feat_five,
          minmay_tree_intersection, chequers_big_river,
          chequers_decorated_corner
D:2:      layout_loops_ring, guppyfry_early_orc_mine
D:3:      minmay_evil_eye, layout_basic, grunt_dithmenos_smoke_and_mirrors
D:4:      layout_loops_ring, minmay_temple_entry_gardened_gates,
          minmay_misc_feat_alley, uniq_ijyb
Temple:   regret_index_temple_sphere_string

Skill      XL: |  1  2  3  4 |
---------------+-------------+-----
Spellcasting   | 1 2 |  2.3
Short Blades   | 3 4 |  4.6
Fighting       | |  2.0
Throwing       | |  2.0
Dodging        | |  1.0
Stealth        | |  5.3

Action                   |  1- 3 |  4- 6 || total
-------------------------+-------+-------++-------
Melee: Dagger            |    51 |    91 ||   142
       Tentacles         |     7 |    17 ||    24
       Constrict         |     8 |    19 ||    27
Throw: Dart              |       |    15 ||    15
 Stab: Sleeping          |    14 |     5 ||    19
Armor: Skin              |       |     5 ||     5
Dodge: Dodged            |    18 |    59 ||    77
